 Dungeon Crawl Stone Soup version 0.28.0-43-g3370ac3207 (webtiles) character file.

Game seed: 6496681360502064292

56 issech the Cudgeller (level 3, -6/36 HPs)
             Began as a Troll Monk on Mar 29, 2022.
             Mangled by a gnoll
             ... wielding a +0 halberd
              (15 damage)
             ... on level 2 of the Dungeon.
             The game lasted 00:03:34 (1612 turns).

issech the Cudgeller (Troll Monk)                   Turns: 1612, Time: 00:03:35

Health: -6/36      AC:  4    Str: 19    XL:     3   Next: 69%
Magic:  2/2        EV:  9    Int:  6    God:
Gold:   95         SH:  6    Dex: 14    Spells: 2/2 levels left

rFire   . . .      SeeInvis .   a - +0 mace
rCold   . . .      Faith    .   i - +0 kite shield
rNeg    . . .      Spirit   .   b - +0 robe
rPois   .          Reflect  .   (helmet restricted)
rElec   .          Harm     .   (no cloak)
rCorr   .          Rampage  .   (gloves unavailable)
Will    .....                   (boots unavailable)
Stlth   ++........              (no amulet)
HPRegen 0.92/turn               (no ring)
MPRegen 0.08/turn               (no ring)

@: no status effects
A: large, unfitting armour, claws 3, regeneration 1, shaggy fur 1, tough skin 1
a: no special abilities


You were on level 2 of the Dungeon.
You visited 1 branch of the dungeon, and saw 2 of its levels.

You collected 95 gold pieces.

Inventory:

Hand Weapons
 a - a +0 mace (weapon)
 k - a +0 great mace
Missiles
 d - 72 stones (quivered)
 f - 17 arrows
Armour
 b - a +0 robe (worn)
 i - a +0 kite shield (worn)
Scrolls
 c - a scroll of amnesia {unknown}
 e - a scroll of vulnerability {unknown}
 g - a scroll of blinking {unknown}
 l - a scroll of holy word {unknown}
 n - a scroll of identify {unknown}
Potions
 h - a potion of flight {unknown}
 j - a potion of curing {unknown}
 m - a potion of invisibility {unknown}
 o - a potion of attraction {unknown}


   Skills:
 + Level 2.9 Fighting
 + Level 3.4 Maces & Flails
 + Level 2.8 Dodging
 + Level 1.1 Stealth


You had 2 spell levels left.
You didn't know any spells.
Your spell library contained the following spells:

 Spells                   Type           Power      Damage    Failure   Level
 Magic Dart               Conj           0%         1d3       80%         1
 Searing Ray              Conj           0%         2d4       90%         2
 Fulminant Prism          Conj/Hex       0%         3d6       100%        4


Dungeon Overview and Level Annotations

Branches:
Dungeon (2/15)

Altars:

Annotations:
D:2 1 runed translucent door, Crazy Yiuf


Innate Abilities, Weirdness & Mutations

You are too large for most types of armour.
You have claws for hands.
Your natural rate of healing is unusually fast.
You are covered in fur. (AC +1)
You have tough skin. (AC +1)


Message History

You hit the kobold but do no damage. The kobold barely misses you.
The kobold hits you but does no damage.
You hit the kobold.
You kill the kobold!
Things that are here:
a +0 short sword; a kobold corpse You now have 95 gold pieces (gained 8).
You open the door.
There is an open door here.
A gnoll and an adder come into view.
A gnoll comes into view. It is wielding a +0 halberd.
The gnoll shouts!
A kobold comes into view. It is wielding a +0 whip.
The gnoll throws a throwing net.
The throwing net barely misses you.
A gnoll comes into view. It is wielding a +0 club.
The gnoll shouts!
The kobold shouts!
A gnoll comes into view. It is wielding a +0 flail.
The gnoll hits you but does no damage.
There is an open door here.
You block the gnoll's attack. The gnoll hits you with a +0 spear.
You hit the gnoll.
The gnoll is lightly wounded.
The gnoll hits you with a +0 spear! The gnoll hits you with a +0 spear.
You closely miss the gnoll.
The gnoll is lightly wounded.
You closely miss the gnoll. The gnoll closely misses you.
The gnoll hits you from afar with a +0 halberd.
The gnoll hits you with a +0 club. The gnoll hits you but does no damage.
The gnoll shouts!
You sock the gnoll!
The gnoll is severely wounded.
You hear an angry hiss.
The gnoll hits you from afar with a +0 halberd!
* * * LOW HITPOINT WARNING * * *
You block the gnoll's attack.
The gnoll hits you from afar with a +0 spear.
* * * LOW HITPOINT WARNING * * *
The gnoll hits you from afar with a +0 halberd!
You die...

.# #####.## .# #.# ..
.# #.# .# .# ##'## .#
.# ##...## .# .#
##.....## ##.# .#
##..)....## ##..#
.####.........####g(.##
....+.........'.@gK...#
.####.........####g..##
.# ##.......## #....#
.# ##.....## #....# .#
##...## #.g..# .# ##+##
...K.. .# ........
....g....#


You could see 3 gnolls and a kobold.

Vanquished Creatures
  2 adders (D:2)
  6 endoplasms
  2 giant cockroaches (D:1)
  3 hobgoblins (D:1)
  5 ball pythons
  3 bats
  4 goblins
  4 kobolds
  5 rats
34 creatures vanquished.

Notes
Turn   | Place    | Note
-------+----------+-------------------------------------------
     0 | D:1      | issech the Troll Monk began the quest for the Orb.
     0 | D:1      | Reached XP level 1. HP: 22/22 MP: 0/0
   481 | D:1      | Reached skill level 3 in Maces & Flails
   481 | D:1      | Reached XP level 2. HP: 29/29 MP: 1/1
  1240 | D:2      | Found a runed translucent door.
  1241 | D:2      | Noticed Crazy Yiuf
  1369 | D:2      | Reached XP level 3. HP: 36/36 MP: 2/2
  1385 | D:2      | Found a faded altar of an unknown god.
  1612 | D:2      | Mangled by a gnoll

Illustrated notes

Levels and vault maps discovered:
D:1:      dpeg_arrival_three_smaller_balls, layout_basic, st_stairs_3,
          hex_intersection, minmay_crystal_water
D:2:      layout_loops_corners, nicolae_ecumenical_snake_handling,
          uniq_crazy_yiuf_cottage

Skill      XL: |  1 |
---------------+----+-----
Maces & Flails | 3 |  3.4
Fighting       | |  2.9
Dodging        | |  2.8
Stealth        | |  1.1

Action                   || total
-------------------------++-------
Melee: Mace              ||   116
 Stab: Sleeping          ||     2
Armor: Robe              ||    62
Dodge: Dodged            ||    61
Block: Kite shield       ||    32
